 Dungeon Crawl Stone Soup version 0.22.0-6-g71bd7aa (webtiles) character file.

137 letownia2 the Insei (level 5, 38/38 HPs)
             Began as a Demonspawn Transmuter on Aug 15, 2018.
             Quit the game on level 3 of the Dungeon.
             The game lasted 00:05:33 (1097 turns).

letownia2 the Insei (Demonspawn Transmuter)         Turns: 1097, Time: 00:05:34

Health: 38/38      AC:  7    Str: 11    XL:     5   Next: 0%
Magic:  3/8        EV: 10    Int: 15    God:
Gold:   120        SH:  0    Dex: 13    Spells: 2/8 levels left

rFire    . . .     SeeInvis .     - Unarmed
rCold    . . .     Gourm    .   (no shield)
rNeg     . . .     Faith    .   g - +0 ring mail
rPois    .         Spirit   +   f - +0 helmet
rElec    .         Reflect  .   (no cloak)
rCorr    .         Harm     .   (no gloves)
MR       .....                  (no boots)
Stlth    +.........             h - amulet of guardian spirit
HPRegen  0.12/turn              (no ring)
MPRegen  0.11/turn              (no ring)

@: very slightly contaminated, very slow
A: claws 1, rugged brown scales 1, powered by death 1
a: no special abilities


You were on level 3 of the Dungeon.
You were not hungry.

You visited 1 branch of the dungeon, and saw 4 of its levels.

You collected 120 gold pieces.

Inventory:

Missiles
 a - 9 arrows
 m - 7 tomahawks (quivered)
Armour
 b - a +0 robe
 f - a +0 helmet (worn)
 g - a +0 ring mail (worn)
Jewellery
 h - an amulet of guardian spirit (around neck)
Wands
 p - a wand of random effects (4)
Scrolls
 c - 2 scrolls of remove curse {unknown}
 e - 7 scrolls of identify {unknown}
 i - a scroll of amnesia {unknown}
 n - a scroll of magic mapping {unknown}
 o - a scroll of fog {unknown}
Potions
 j - a potion of heal wounds {unknown}
 k - a potion of might {unknown}
 q - 2 potions of curing {unknown}
Comestibles
 d - 2 rations


   Skills:
 + Level 1.4 Fighting
 + Level 0.7 Armour
 - Level 1.7 Dodging
 - Level 5.0 Unarmed Combat
 - Level 2.0 Spellcasting
 - Level 1.7 Transmutations


You had 2 spell levels left.
You knew the following spells:

 Your Spells              Type           Power        Failure   Level  Hunger
a - Beastly Appendage     Tmut           #.....       26%         1    #......
l - Sticks to Snakes      Tmut           #.......     36%         2    ###....
p - Spider Form           Tmut/Pois      #.........   75%         3    ###....

Your spell library contained the following spells:

 Spells                   Type           Power        Failure   Level  Hunger
 Blade Hands              Tmut           #.........   100%        5    ######.
 Ice Form                 Ice/Tmut       #.......     98%         4    #####..


Dungeon Overview and Level Annotations

Branches:
Dungeon (4/15)
 Temple: D:4-7

Altars:
Qazlal

Portals:
Sewer: D:3


Innate Abilities, Weirdness & Mutations

You have sharp fingernails.
You are partially covered in rugged brown scales. (AC +1, +3% HP)
You regenerate a little health from kills.


Message History

The worm bites your ball python!
Your ball python dies!
You barely miss the worm.
The worm is almost dead.
You barely miss the worm. You claw the worm.
The worm is almost dead.
The worm splashes around in the water.
You hit the worm.
The worm is almost dead.
You punch the worm!
You kill the worm!
You have reached level 5!
Your demonic ancestry asserts itself...
Your fingernails lengthen.
You enter the shallow water.
Moving in this stuff is going to be slow.
You see here a worm corpse.
Your talons disappear.
You hear the brisk rusting of a drain.
Are you sure you want to abandon this character and quit the game? (Confirm with "yes".)

##### #
#.≈.#####≈≈
#≈.≈≈≈≈≈≈≈..
#.≈≈≈≈≈≈≈...
#≈@∩####..
#≈≈##..... #
#≈≈#...###.#
#≈≈#...# .#
###††#...###.#
##≈≈.........#####
##≈.....##........
###.....##.#######
#..#####.#


There were no monsters in sight!

Vanquished Creatures
  3 adders
  4 worms
  A dart slug (D:2)
  11 orcs
  4 giant cockroaches
  6 goblins
  7 hobgoblins
  2 jackals (D:2)
  4 kobolds
  A quokka (D:4)
  7 bats
  4 frilled lizards
  2 rats
56 creatures vanquished.

Vanquished Creatures (collateral kills)
  An orc wizard (D:2)
  An orc (D:3)
2 creatures vanquished.

Grand Total: 58 creatures vanquished

Notes
Turn   | Place    | Note
-------+----------+-------------------------------------------
     0 | D:1      | letownia2 the Demonspawn Transmuter began the quest for the Orb.
     0 | D:1      | Reached XP level 1. HP: 15/15 MP: 3/3
    83 | D:1      | Reached skill level 3 in Unarmed Combat
   179 | D:1      | Gained mutation: You regenerate a little health from kills. [demonic ancestry]
   179 | D:1      | Reached XP level 2. HP: 17/21 MP: 3/5
   434 | D:2      | Reached XP level 3. HP: 24/26 MP: 4/6
   475 | D:2      | Reached skill level 4 in Unarmed Combat
   526 | D:2      | Found a stormy altar of Qazlal.
   667 | D:2      | Learned a level 2 spell: Sticks to Snakes
   671 | D:2      | Learned a level 3 spell: Spider Form
   746 | D:2      | Gained mutation: You are partially covered in rugged brown scales. (AC +1, +3% HP) [demonic ancestry]
   746 | D:2      | Reached XP level 4. HP: 22/32 MP: 2/7
   883 | D:3      | Reached skill level 5 in Unarmed Combat
   986 | D:3      | Found a faded altar of an unknown god.
  1059 | D:3      | Found a glowing drain.
  1091 | D:3      | Gained mutation: You have sharp fingernails. [demonic ancestry]
  1091 | D:3      | Reached XP level 5. HP: 38/38 MP: 2/8
  1097 | D:3      | Quit the game

Skill      XL: |  1  2  3  4 |
---------------+-------------+-----
Unarmed Combat | 3 4 5 |  5.0
Fighting       | |  1.4
Armour         | |  0.7
Dodging        | |  1.7
Spellcasting   | |  2.0
Transmutations | |  1.7

Action                   |  1- 3 |  4- 6 || total
-------------------------+-------+-------++-------
Melee: Unarmed           |   145 |   102 ||   247
       Headbutt          |     2 |       ||     2
       Kick              |    17 |    12 ||    29
       Punch             |     1 |     2 ||     3
 Cast: Beastly Appendage |    18 |     6 ||    24
       Sticks to Snakes  |     1 |     2 ||     3
 Stab: Distracted        |       |     1 ||     1
  Eat: Chunk             |       |     2 ||     2
Armor: Robe              |    18 |       ||    18
       Ring mail         |    42 |    31 ||    73
Dodge: Dodged            |    94 |    41 ||   135
